[ AOE2 MATCH · #506775545 ]
UnrankedPoles vs Bengalis
Player's team · LOSS
Rival team · WIN
[ REPLAY ANALYSIS · EXTRACTED FROM THE RECORDED GAME ]
Feudal
9:00
Castle
21:59
Imperial
—
| APM avg | 58.2 |
| APM peak | 90 |
| eAPM avg | 33.5 |
| Villagers / military | 143 / 292 |
Focus
⚔️ 47.3% · 🌾 52.7%
Knight ×204 · Skirmisher ×46 · Battering Ram ×15 · Archer ×12 · Monk ×9 · Scout Cavalry ×5
Feudal
9:15
Castle
19:58
Imperial
31:45
| APM avg | 67.5 |
| APM peak | 125 |
| eAPM avg | 31.8 |
| Villagers / military | 183 / 226 |
Focus
⚔️ 36.6% · 🌾 63.4%
Elephant Archer ×67 · Spearman ×66 · Scout Cavalry ×49 · Skirmisher ×18 · Trebuchet (Packed) ×10 · Battle Elephant ×9
Match map
Initial resources + every placement click. Lines = walls · curves = elevation contours. ◆ gold · ⬟ stone · ● berries · ✦ relic · ◌ wall gap
Your base· Open — unwalled flank
Road to 2k's base· Open — unwalled flank
Smoothed initial terrain · ◌ = detected wall gap · hover for details
Inputs per minute
— Lina - - Road to 2k
Build order — Lina
First 150 of 634 actions detected
| 0:00 | Queue | Villager (Male) |
| 0:01 | Queue | Villager (Male) |
| 0:02 | Build | House |
| 0:03 | Build | House |
| 0:05 | Queue | Villager (Male) |
| 0:06 | Queue | Villager (Male) |
| 1:10 | Queue | Villager (Male) |
| 1:44 | Queue | Villager (Male) |
| 1:45 | Queue | Villager (Male) |
| 2:04 | Queue | Villager (Male) |
| 2:09 | Build | Lumber Camp |
| 2:38 | Queue | Villager (Male) |
| 2:55 | Queue | Villager (Male) |
| 3:17 | Queue | Villager (Male) |
| 3:32 | Queue | Villager (Male) |
| 3:52 | Build | Mill |
| 3:56 | Queue | Villager (Male) |
| 4:08 | Queue | Villager (Male) |
| 4:18 | Build | Palisade Wall |
| 4:29 | Queue | Villager (Male) |
| 4:55 | Queue | Villager (Male) |
| 5:11 | Queue | Villager (Male) |
| 5:12 | Queue | Villager (Male) |
| 5:40 | Build | Palisade Wall |
| 5:45 | Queue | Villager (Male) |
| 6:09 | Research | Loom |
| 6:26 | Build | Palisade Wall |
| 6:50 | Research | Feudal Age |
| 7:47 | Build | Barracks |
| 7:52 | Build | Palisade Wall |
| 7:53 | Build | Palisade Wall |
| 8:05 | Queue | Villager (Male) |
| 8:20 | Build | House |
| 8:22 | Queue | Villager (Male) |
| 8:42 | Queue | Villager (Male) |
| 9:00 | Age | Feudal Age |
| 9:02 | Queue | Villager (Male) |
| 9:09 | Queue | Spearman |
| 9:19 | Build | Palisade Wall |
| 9:23 | Build | Palisade Wall |
| 9:33 | Build | Stable |
| 9:34 | Queue | Villager (Male) |
| 9:36 | Queue | Villager (Male) |
| 9:40 | Build | Palisade Wall |
| 9:41 | Queue | Villager (Male) |
| 10:06 | Queue | Villager (Male) |
| 10:12 | Queue | Villager (Male) |
| 10:17 | Build | Farm |
| 10:17 | Queue | Villager (Male) |
| 10:24 | Queue | Villager (Male) |
| 10:32 | Queue | Villager (Male) |
| 10:34 | Queue | Villager (Male) |
| 10:53 | Queue | Villager (Male) |
| 10:56 | Build | Archery Range |
| 11:08 | Queue | Villager (Male) |
| 11:13 | Build | House |
| 11:25 | Queue | Scout Cavalry |
| 11:25 | Queue | Scout Cavalry |
| 11:35 | Queue | Villager (Male) |
| 11:38 | Build | House |
| 11:38 | Queue | Villager (Male) |
| 11:48 | Research | Double-Bit Axe |
| 11:49 | Queue | Villager (Male) |
| 12:01 | Queue | Skirmisher |
| 12:02 | Queue | Archer |
| 12:08 | Queue | Villager (Male) |
| 12:11 | Build | Palisade Wall |
| 12:16 | Queue | Scout Cavalry |
| 12:18 | Queue | Skirmisher |
| 12:19 | Queue | Villager (Male) |
| 12:23 | Build | Palisade Wall |
| 12:24 | Build | Palisade Wall |
| 12:26 | Queue | Villager (Male) |
| 12:29 | Build | Farm |
| 12:45 | Queue | Villager (Male) |
| 12:47 | Build | Farm |
| 12:51 | Queue | Villager (Male) |
| 12:55 | Build | House |
| 12:56 | Build | House |
| 13:03 | Build | Farm |
| 13:26 | Queue | Villager (Male) |
| 13:33 | Build | Lumber Camp |
| 13:52 | Queue | Villager (Male) |
| 14:03 | Build | Mining Camp |
| 14:06 | Queue | Villager (Male) |
| 14:24 | Build | Farm |
| 14:34 | Build | Palisade Wall |
| 14:38 | Queue | Villager (Male) |
| 14:46 | Build | Farm |
| 14:52 | Queue | Archer |
| 15:01 | Build | Farm |
| 15:21 | Build | Farm |
| 15:26 | Queue | Skirmisher |
| 15:33 | Queue | Villager (Male) |
| 15:42 | Build | Blacksmith |
| 15:46 | Build | House |
| 15:50 | Queue | Archer |
| 16:07 | Build | House |
| 16:11 | Queue | Archer |
| 16:19 | Queue | Villager (Male) |
| 16:22 | Build | Farm |
| 16:30 | Build | Farm |
| 16:36 | Queue | Archer |
| 16:50 | Build | Farm |
| 16:53 | Build | House |
| 16:58 | Queue | Archer |
| 16:59 | Research | Fletching |
| 17:17 | Build | Mining Camp |
| 17:26 | Queue | Archer |
| 17:30 | Queue | Villager (Male) |
| 17:32 | Build | Farm |
| 17:38 | Queue | Villager (Male) |
| 17:42 | Build | Watch Tower |
| 17:55 | Queue | Villager (Male) |
| 18:05 | Queue | Scout Cavalry |
| 18:07 | Queue | Archer |
| 18:19 | Build | Market |
| 18:23 | Queue | Villager (Male) |
| 18:41 | Queue | Villager (Male) |
| 18:50 | Queue | Villager (Male) |
| 19:19 | Research | Castle Age |
| 19:19 | Research | Castle Age |
| 19:51 | Build | Palisade Wall |
| 19:54 | Queue | Archer |
| 19:55 | Queue | Archer |
| 20:02 | Queue | Skirmisher |
| 20:02 | Queue | Skirmisher |
| 20:05 | Research | Padded Archer Armor |
| 20:07 | Build | Archery Range |
| 20:33 | Research | Bloodlines |
| 20:39 | Queue | Skirmisher |
| 20:44 | Build | Stable |
| 20:55 | Build | Farm |
| 21:02 | Queue | Villager (Male) |
| 21:09 | Queue | Skirmisher |
| 21:14 | Build | Farm |
| 21:15 | Queue | Villager (Male) |
| 21:16 | Build | House |
| 21:29 | Build | Lumber Camp |
| 21:38 | Research | Scale Barding Armor |
| 21:56 | Build | Farm |
| 21:57 | Build | Farm |
| 21:59 | Queue | Villager (Male) |
| 21:59 | Age | Castle Age |
| 22:05 | Build | House |
| 22:11 | Queue | Knight |
| 22:18 | Build | Monastery |
| 22:41 | Queue | Knight |
| 22:48 | Queue | Villager (Male) |
| 22:51 | Build | Farm |
Build order — Road to 2k
First 150 of 501 actions detected
| 0:00 | Queue | Villager (Male) |
| 0:00 | Queue | Villager (Male) |
| 0:01 | Build | House |
| 0:02 | Build | House |
| 0:11 | Queue | Villager (Male) |
| 0:13 | Queue | Villager (Male) |
| 1:24 | Queue | Villager (Male) |
| 1:53 | Build | Lumber Camp |
| 1:56 | Queue | Villager (Male) |
| 2:08 | Queue | Villager (Male) |
| 2:46 | Queue | Villager (Male) |
| 3:08 | Queue | Villager (Male) |
| 3:30 | Queue | Villager (Male) |
| 3:46 | Queue | Villager (Male) |
| 4:02 | Build | House |
| 4:25 | Queue | Villager (Male) |
| 4:26 | Queue | Villager (Male) |
| 5:08 | Build | Barracks |
| 5:16 | Queue | Villager (Male) |
| 5:19 | Queue | Villager (Male) |
| 5:45 | Build | House |
| 6:08 | Queue | Villager (Male) |
| 6:15 | Research | Loom |
| 6:55 | Build | Mining Camp |
| 6:59 | Research | Feudal Age |
| 7:12 | Queue | Militia |
| 7:27 | Queue | Militia |
| 7:48 | Queue | Militia |
| 8:20 | Queue | Villager (Male) |
| 8:26 | Build | House |
| 8:33 | Build | Mill |
| 9:12 | Build | Mill |
| 9:15 | Age | Feudal Age |
| 9:18 | Research | Man-at-Arms (upgrade) |
| 9:34 | Queue | Villager (Male) |
| 9:41 | Queue | Villager (Male) |
| 9:44 | Research | Double-Bit Axe |
| 9:50 | Build | House |
| 10:09 | Queue | Villager (Male) |
| 10:15 | Queue | Villager (Male) |
| 10:17 | Build | Farm |
| 10:18 | Build | Farm |
| 10:35 | Build | Farm |
| 10:37 | Queue | Spearman |
| 10:59 | Queue | Villager (Male) |
| 11:13 | Queue | Spearman |
| 11:27 | Build | Farm |
| 11:27 | Queue | Villager (Male) |
| 11:27 | Queue | Villager (Male) |
| 11:30 | Build | Farm |
| 11:31 | Queue | Villager (Male) |
| 11:32 | Queue | Villager (Male) |
| 11:34 | Build | House |
| 11:48 | Build | Palisade Wall |
| 11:51 | Build | Palisade Wall |
| 11:55 | Build | Farm |
| 12:00 | Queue | Villager (Male) |
| 12:15 | Queue | Villager (Male) |
| 12:20 | Build | Farm |
| 12:22 | Queue | Villager (Male) |
| 13:01 | Build | Archery Range |
| 13:25 | Queue | Villager (Male) |
| 13:32 | Build | House |
| 13:39 | Build | Farm |
| 13:40 | Build | Farm |
| 13:46 | Queue | Villager (Male) |
| 13:51 | Build | House |
| 13:56 | Queue | Skirmisher |
| 14:09 | Build | Farm |
| 14:15 | Queue | Skirmisher |
| 14:18 | Queue | Villager (Male) |
| 14:22 | Queue | Villager (Male) |
| 14:31 | Build | Farm |
| 14:44 | Build | Lumber Camp |
| 14:56 | Queue | Skirmisher |
| 15:06 | Queue | Villager (Male) |
| 15:10 | Queue | Skirmisher |
| 15:11 | Queue | Villager (Male) |
| 15:13 | Queue | Villager (Male) |
| 15:17 | Build | House |
| 15:19 | Queue | Villager (Male) |
| 15:25 | Queue | Villager (Male) |
| 15:45 | Queue | Villager (Male) |
| 15:48 | Build | Farm |
| 16:00 | Queue | Skirmisher |
| 16:04 | Queue | Villager (Male) |
| 16:26 | Build | Blacksmith |
| 16:31 | Build | Farm |
| 16:33 | Build | Farm |
| 16:36 | Queue | Skirmisher |
| 16:53 | Queue | Villager (Male) |
| 16:58 | Build | House |
| 16:59 | Build | House |
| 17:00 | Build | House |
| 17:06 | Research | Castle Age |
| 17:07 | Research | Fletching |
| 17:17 | Build | House |
| 17:19 | Build | House |
| 17:20 | Queue | Skirmisher |
| 17:28 | Build | Archery Range |
| 17:33 | Research | Horse Collar |
| 17:33 | Research | Horse Collar |
| 17:44 | Queue | Skirmisher |
| 17:56 | Queue | Villager (Male) |
| 18:05 | Queue | Skirmisher |
| 18:06 | Queue | Skirmisher |
| 18:23 | Build | House |
| 18:44 | Queue | Skirmisher |
| 18:44 | Queue | Skirmisher |
| 19:04 | Research | Padded Archer Armor |
| 19:12 | Build | Palisade Wall |
| 19:38 | Research | Gold Mining |
| 19:49 | Queue | Villager (Male) |
| 19:58 | Age | Castle Age |
| 19:59 | Build | Town Center |
| 19:59 | Research | Bodkin Arrow |
| 20:02 | Research | Elite Skirmisher (upgrade) |
| 20:06 | Queue | Elephant Archer |
| 20:08 | Queue | Villager (Male) |
| 20:13 | Build | Farm |
| 20:17 | Build | Farm |
| 20:32 | Queue | Villager (Male) |
| 20:42 | Queue | Elephant Archer |
| 20:42 | Queue | Elephant Archer |
| 21:11 | Build | Farm |
| 21:15 | Queue | Villager (Male) |
| 21:17 | Research | Bow Saw |
| 21:22 | Build | Farm |
| 21:25 | Queue | Villager (Male) |
| 21:28 | Build | Farm |
| 21:35 | Queue | Villager (Male) |
| 21:52 | Queue | Villager (Male) |
| 21:52 | Queue | Villager (Male) |
| 21:56 | Queue | Villager (Male) |
| 22:13 | Queue | Villager (Male) |
| 22:13 | Queue | Villager (Male) |
| 22:16 | Build | Farm |
| 22:35 | Queue | Villager (Male) |
| 22:44 | Queue | Skirmisher |
| 22:44 | Queue | Skirmisher |
| 22:44 | Queue | Skirmisher |
| 22:49 | Queue | Elephant Archer ×2 |
| 23:01 | Queue | Villager (Male) |
| 23:01 | Queue | Villager (Male) |
| 23:17 | Queue | Villager (Male) |
| 23:18 | Queue | Villager (Male) |
| 23:19 | Build | Farm |
| 23:19 | Build | Farm |
| 23:19 | Build | Farm |
| 23:19 | Build | Farm |
Match timeline
| 4:18 | Lina · wall_segment Palisade Wall x2 |
| 5:08 | Road to 2k · first_building Barracks |
| 5:40 | Lina · wall_segment Palisade Wall x2 |
| 6:26 | Lina · wall_segment Palisade Wall x1 |
| 7:47 | Lina · first_building Barracks |
| 7:52 | Lina · wall_segment Palisade Wall x1 |
| 7:53 | Lina · wall_segment Palisade Wall x1 |
| 9:00 | Lina · age_up feudal |
| 9:15 | Road to 2k · age_up feudal |
| 9:19 | Lina · wall_segment Palisade Wall x1 |
| 9:23 | Lina · wall_segment Palisade Wall x1 |
| 9:33 | Lina · first_building Stable |
| 9:40 | Lina · wall_segment Palisade Wall x1 |
| 10:56 | Lina · first_building Archery Range |
| 11:48 | Road to 2k · wall_segment Palisade Wall x1 |
| 11:51 | Road to 2k · wall_segment Palisade Wall x1 |
| 12:11 | Lina · wall_segment Palisade Wall x1 |
| 12:23 | Lina · wall_segment Palisade Wall x1 |
| 12:24 | Lina · wall_segment Palisade Wall x1 |
| 13:01 | Road to 2k · first_building Archery Range |
| 14:34 | Lina · wall_segment Palisade Wall x7 |
| 19:12 | Lina · first_market_buy 100 food |
| 19:12 | Road to 2k · wall_segment Palisade Wall x15 |
| 19:12 | Lina · first_market_sell 100 wood |
| 19:51 | Lina · wall_segment Palisade Wall x8 |
| 19:58 | Road to 2k · age_up castle |
| 21:59 | Lina · age_up castle |
| 22:18 | Lina · first_building Monastery |
| 23:17 | Lina · first_building Castle |
| 24:27 | Road to 2k · first_building Monastery |
| 26:55 | Road to 2k · first_market_buy 100 food |
| 29:30 | Road to 2k · first_building Stable |
| 31:45 | Road to 2k · age_up imperial |
| 34:19 | Road to 2k · first_building Castle |
| 35:49 | Lina · first_building Siege Workshop |
| 36:36 | Road to 2k · first_building Siege Workshop |
| 37:05 | Road to 2k · first_market_sell 100 wood |
| 52:11 | Lina · resign |
[ AI ANALYSIS · 1 CREDIT ]
What really happened in this match?
Wolo.gg analyzes every decision: build order, eco, micro, common mistakes by bracket. Personalized analysis on WhatsApp or Discord in 30 seconds.
Civ guide
Poles
Perfil
Jugador #299269